 Dungeon Crawl Stone Soup version 0.29-a0-819-g94b489e0ae (webtiles) character file.

Game seed: 3486509268439710965

2375 edwat the Grappler (level 9, -3/120 HPs)
             Began as a Troll Transmuter on July 7, 2022.
             Was a Believer of Makhleb.
             Slain by an ogre
             ... wielding a +0 giant club
              (7 damage)
             ... on level 6 of the Dungeon.
             The game lasted 00:41:46 (4192 turns).

edwat the Grappler (Troll Transmuter)               Turns: 4192, Time: 00:41:48

Health: -3/120     AC: 24    Str: 24    XL:     9   Next: 21%
Magic:  10/10      EV:  1    Int:  9    God:    Makhleb [**....]
Gold:   253        SH:  0    Dex: 10    Spells: 1/11 levels left

rFire   . . .      SeeInvis .     - Unarmed
rCold   . . .      Faith    .   t - orb {*channel}
rNeg    . . .      Spirit   .   (body armour currently unavailable)
rPois   +          Reflect  .   (helmet currently unavailable)
rElec   .          Harm     .   (cloak currently unavailable)
rCorr   .          Rampage  .   (gloves unavailable)
Will    +....      NoTele   +   (boots unavailable)
Stlth   +.........              (no amulet)
HPRegen 1.10/turn               p - +4 ring of evasion
MPRegen 0.12/turn               c - ring of willpower

@: tree-form
A: stationary, stasis, torment immunity, boosted hp, large, unfitting armour,
(claws 3), regeneration 1, (shaggy fur 1), (tough skin 1)
a: Renounce Religion, Minor Destruction


You were on level 6 of the Dungeon.
You worshipped Makhleb.
Makhleb was pleased with you.
You were a tree.
You visited 1 branch of the dungeon, and saw 6 of its levels.

You collected 253 gold pieces.

Inventory:

Hand Weapons
 d - a +3 short sword of flaming
 A - a +3 short sword of flaming
Missiles
 g - 6 large rocks
 i - 7 poisoned darts
 y - 4 stones
Armour
 a - a +0 robe
 r - the +0 robe of the Desolation of Salt (melded) {rElec rN+ Stlth+}
   (You found it on level 3 of the Dungeon)

   rElec:     It insulates you from electricity.
   rN:        It protects you from negative energy.
   Stlth:     It makes you more stealthy.
 t - an orb of energy (worn)
Magical Staves
 x - a staff of poison
Jewellery
 c - a ring of willpower (right branch)
 p - a +4 ring of evasion (left branch)
 v - an amulet of faith
Wands
 m - a wand of acid (7) (quivered)
 s - a wand of mindburst (12)
Scrolls
 e - 3 scrolls of silence
 h - a scroll of poison
 j - 2 scrolls of teleportation
 o - a scroll of vulnerability
 B - a scroll of enchant armour {unknown}
Potions
 b - 2 potions of lignification
 f - a potion of attraction
 l - a potion of berserk rage {unknown}
 n - 2 potions of flight {unknown}
 q - a potion of might {unknown}
 u - a potion of haste {unknown}
 w - a potion of mutation
 z - a potion of degeneration {unknown}


   Skills:
 + Level 2.5 Fighting
 + Level 1.7 Throwing
 + Level 3.7 Dodging
 - Level 0.9 Stealth
 * Level 10.1 Unarmed Combat
 + Level 1.8 Spellcasting
 * Level 2.7 Necromancy
 + Level 2.0 Transmutations
 + Level 0.7 Invocations
 - Level 0.2 Evocations


You had one spell level left.
You knew the following spells:

 Your Spells              Type           Power      Damage    Failure   Level
a - Beastly Appendage     Tmut           8%         N/A       16%         1
b - Wereblood             Tmut           4%         N/A       22%         2
c - Necrotise             Necr           20%        1d5       12%         1
d - Ignite Poison         Fire/Tmut/Pois 2%         N/A       61%         3
e - Mephitic Cloud        Conj/Pois/Air  0%         N/A       71%         3

Your spell library contained the following spells:

 Spells                   Type           Power      Damage    Failure   Level
 Apportation              Tloc           0%         N/A       34%         1
 Freeze                   Ice            0%         1d3       34%         1
 Shock                    Conj/Air       0%         1d3       34%         1
 Summon Small Mammal      Summ           0%         N/A       34%         1
 Sublimation of Blood     Necr           5%         N/A       17%         2
 Spider Form              Tmut/Pois      2%         N/A       56%         3
 Call Canine Familiar     Summ           0%         N/A       71%         3
 Ozocubu's Armour         Ice            0%         N/A       71%         3
 Portal Projectile        Hex/Tloc       0%         N/A       71%         3
 Swiftness                Air            0%         N/A       71%         3
 Ice Form                 Ice/Tmut       2%         N/A       92%         4
 Airstrike                Air            0%         0-1+      98%         4
 Leda's Liquefaction      Hex/Erth       0%         N/A       98%         4
 Alistair's Intoxication  Tmut/Pois      1%         N/A       99%         5
 Freezing Cloud           Conj/Ice/Air   0%         6-21      100%        5
 Ozocubu's Refrigeration  Ice            0%         4d5       100%        7
 Summon Hydra             Summ           0%         N/A       100%        7


Dungeon Overview and Level Annotations

Branches:
Dungeon (6/15)
 Temple: D:4-7

Altars:
Makhleb

Shops:
D:4 [


Innate Abilities, Weirdness & Mutations

You are a tree.
Your roots penetrate the ground, keeping you stationary.
You cannot be teleported.
You are immune to unholy pain and torment.
Your maximum health is greatly increased.
Your equipment is partially melded.
You are too large for most types of armour.
((You have claws for hands.))
Your natural rate of healing is unusually fast.
((You are covered in fur. (AC +1)))
((You have tough skin. (AC +1)))


Message History

* * * LOW HITPOINT WARNING * * *
The troll barely misses you. The troll misses you.
You turn into a tree.
The +0 robe of the Desolation of Salt {rElec rN+ Stlth+} melds into your body.
Your roots penetrate the ground.
You feel strangely stable. The troll bites you but does no damage.
The troll claws you.
* * * LOW HITPOINT WARNING * * *
The troll claws you but does no damage. Something hits you but does no damage.
You barely miss the troll.
The troll is heavily wounded.
Something hits you but does no damage. The ogre barely misses you.
The troll bites you but does no damage.
The troll claws you but does no damage. x2
You smack the troll!
The troll is severely wounded.
Something hits you but does no damage. The troll bites you but does no damage.
The troll claws you but does no damage. The troll barely misses you.
The ogre hits you but does no damage.
You smack the troll!
You kill the troll!
Makhleb accepts your kill. Something hits you!
* * * LOW HITPOINT WARNING * * *
Your Unarmed Combat skill increases to level 10!
Your Transmutations skill increases to level 2!
You cannot teleport because you are held in place by your roots.
You hit the ogre.
The ogre is lightly wounded.
Something hits you but does no damage. The ogre hits you with a +0 giant club!
* * * LOW HITPOINT WARNING * * *
Aiming: Mindburst
Press: ? - help, Q - select action, (/) - cycle Shift-Dir - straight line, f - ogre
Aim: an ogre, wielding a +0 giant club (lightly wounded, chance to affect: 64%)
The ogre struggles to resist.
Something hits you but does no damage.
Aiming: Corrosive Bolt
Press: ? - help, Q - select action, (/) - cycle Shift-Dir - straight line, f/p - ogre
Aim: an ogre, wielding a +0 giant club (lightly wounded, 86% to hit)
The bolt of acid misses the ogre.
Something hits you but does no damage. The ogre hits you with a +0 giant club!
You die...

..#.# #....#
#.#.###.....# ?.
#.#.##..^#. .#
#.#.#....#.###.#
###.#......#.....#
........#..[..#.. #
........#.###.#$###)#
###.....#.....#O)!..#
#...#.....#....♣#
#...#.###.#.###.#
.....#.....#.....#..
###.................
#.................
#...##....######.#
#.## #...## .# #.
#..## .# . ....#


You could see an ogre.

Vanquished Creatures
  The ghost of paps the Sneak, a novice OpGl of Gozag (D:5)
  The ghost of capka3m the Magician, a novice MeEE (D:5)
  A troll (D:6)
  Grinder (D:3)
  The ghost of paps the Ducker, an amateur OpGl of Gozag (D:4)
  An ice beast (D:5)
  3 black bears
  2 ogres (D:5)
  3 phantoms
  3 scorpions
  2 hounds (D:4)
  2 iguanas
  3 orc wizards (D:5)
  5 adders
  2 shadow imps (D:5)
  3 ufetubi
  2 worms (D:3)
  The ghost of fly the Sneak, a weakling FoDe (D:5)
  A dart slug (D:1)
  7 orcs
  4 ball pythons
  6 endoplasms
  A giant cockroach (D:3)
  A goblin (D:4)
  6 hobgoblins
  2 quokkas
  A bat (D:2)
  A frilled lizard (D:1)
  7 kobolds
  3 rats
77 creatures vanquished.

Vanquished Creatures (others)
  A fungus (D:2)
  3 plants (D:2)
  4 withered plants (D:5)
8 creatures vanquished.

Grand Total: 85 creatures vanquished

Notes
Turn   | Place    | Note
-------+----------+-------------------------------------------
     0 | D:1      | edwat the Troll Transmuter began the quest for the Orb.
     0 | D:1      | Reached XP level 1. HP: 18/18 MP: 1/1
   698 | D:2      | Reached XP level 2. HP: 26/26 MP: 2/2
   765 | D:2      | Learned a level 2 spell: Wereblood
  1123 | D:2      | Found a faded altar of an unknown god.
  1129 | D:2      | Got Plato's Discourse on the Blizzard
  1130 | D:2      | Prayed at the altar of an unknown god.
  1130 | D:2      | Became a worshipper of Makhleb the Destroyer
  1130 | D:2      | Reached * piety under Makhleb
  1441 | D:3      | Noticed a phantom
  1533 | D:3      | You fall into a shaft and drop 1 floor!
  1584 | D:4      | Found Anten's Antique Armour Emporium.
  1643 | D:3      | Noticed Grinder
  1646 | D:3      | Paralysed by Grinder for 2 turns
  1772 | D:3      | Paralysed by Grinder for 5 turns
  1778 | D:3      | Killed Grinder
  1779 | D:3      | Reached skill level 1 in Fighting
  1779 | D:3      | Reached skill level 5 in Unarmed Combat
  1779 | D:3      | Reached XP level 3. HP: 33/33 MP: 2/4
  1779 | D:3      | Reached XP level 4. HP: 41/41 MP: 2/5
  1779 | D:3      | Reached XP level 5. HP: 48/48 MP: 2/6
  1834 | D:3      | Killed a phantom
  1835 | D:3      | Reached skill level 1 in Throwing
  1835 | D:3      | Reached XP level 6. HP: 49/55 MP: 5/7
  1986 | D:3      | Identified the +0 robe of the Desolation of Salt {rElec rN+
                  | Stlth+}
  2410 | D:4      | Noticed paps's ghost (amateur OpGl)
  2410 | D:4      | Found a runed translucent door.
  2423 | D:4      | Reached skill level 6 in Unarmed Combat
  2457 | D:4      | Killed paps's ghost
  2484 | D:4      | Reached XP level 7. HP: 58/62 MP: 8/8
  2693 | D:4      | Reached skill level 7 in Unarmed Combat
  2872 | D:4      | Learned a level 1 spell: Necrotise
  2928 | D:5      | Entered Level 5 of the Dungeon
  2936 | D:5      | Found a runed translucent gate.
  2937 | D:5      | Found a runed translucent gate.
  2937 | D:5      | Found a runed translucent gate.
  2938 | D:5      | Noticed paps's ghost (novice OpGl)
  2939 | D:5      | Noticed capka3m's ghost (novice MeEE)
  2939 | D:5      | Noticed fly's ghost (weakling FoDe)
  3019 | D:5      | Reached ** piety under Makhleb
  3151 | D:5      | Reached XP level 8. HP: 72/72 MP: 9/9
  3207 | D:5      | Reached skill level 8 in Unarmed Combat
  3207 | D:5      | Reached skill level 1 in Necromancy
  3575 | D:5      | Killed capka3m's ghost
  3576 | D:5      | Reached skill level 9 in Unarmed Combat
  3582 | D:5      | Killed fly's ghost
  3600 | D:5      | Killed paps's ghost
  4113 | D:6      | Reached XP level 9. HP: 69/80 MP: 5/10
  4153 | D:6      | Learned a level 3 spell: Ignite Poison
  4157 | D:6      | Learned a level 3 spell: Mephitic Cloud
  4174 | D:6      | Noticed a troll
  4189 | D:6      | Killed a troll
  4190 | D:6      | Reached skill level 10 in Unarmed Combat
  4190 | D:6      | HP: 2/120 [ogre/+0 giant club (8)]
  4192 | D:6      | Slain by an ogre

Illustrated notes

Levels and vault maps discovered:
D:1:      dpeg_arrival_shrine, layout_loops_ring
D:2:      layout_basic, shapermc_ecumenical_altar_rom_forum
D:3:      layout_loops_corners, uniq_grinder
D:4:      nicolae_cairo_tiling, layout_cave_pools, serial_shops, shop,
          gammafunk_ghost_grave, reono_crystal_passage
D:5:      layout_basic, gammafunk_ghost_cemetery, corexii_checkpoint_a,
          minmay_quadrilaterals
D:6:      hangedman_cross_stitches, layout_loops_ring, serial_park_tiny_pond

Skill      XL: |  1  2  3  4  5  6  7  8  9 |
---------------+----------------------------+-----
Fighting       | 1 2 |  2.5
Dodging        | 2 3 |  3.7
Unarmed Combat | 5 6 7 9 10 | 10.1
Throwing       | 1 |  1.7
Necromancy     | 2 |  2.7
Transmutations | 2 |  2.0
Stealth        | |  0.9
Spellcasting   | |  1.8
Invocations    | |  0.7
Evocations     | |  0.2

Action                   |  1- 3 |  4- 6 |  7- 9 || total
-------------------------+-------+-------+-------++-------
Melee: Unarmed           |    60 |    33 |   197 ||   290
       Punch             |     1 |       |       ||     1
Throw: Large rock        |     7 |     4 |       ||    11
       Dart              |     4 |     1 |       ||     5
 Cast: Beastly Appendage |     2 |     1 |       ||     3
       Wereblood         |       |       |     3 ||     3
       Necrotise         |       |       |     1 ||     1
Invok: Minor Destruction |       |       |     4 ||     4
Evoke: Wand              |       |     3 |     8 ||    11
  Use: Scroll            |    13 |       |     4 ||    17
       Potion            |     2 |       |     5 ||     7
 Stab: Sleeping          |       |     2 |     4 ||     6
Armor: Robe              |    11 |     7 |    29 ||    47
       Skin              |       |       |    14 ||    14
Dodge: Dodged            |    31 |    11 |   110 ||   152

Table legend: (Time is in decaauts)
 A = Elapsed time spent in this place.
 B = Non-inter-level travel time spent in this place.
 C = Inter-level travel time spent in this place.
 D = Time resting spent in this place.
 E = Time spent auto-exploring this place.
 F = Levels seen in this place.
 G = Mean time per level.
                   A        B        C        D        E       F      G
               +--------+--------+--------+--------+--------+-----+--------+
         Total |   4165 |   3247 |    918 |    144 |   2095 |   6 |  694.2 |
       Dungeon |   4165 |   3247 |    918 |    144 |   2095 |   6 |  694.2 |
               +--------+--------+--------+--------+--------+-----+--------+

Top non-repeatable levels by time:
     D:5: 1110 daAuts
     D:3: 955 daAuts
     D:1: 693 daAuts
     D:2: 687 daAuts
     D:4: 589 daAuts
     D:6: 129 daAuts
